 Dungeon Crawl Stone Soup version 0.28.0 (webtiles) character file.

Game seed: 18359346334835337846

92 Colgate the Insei (level 4, -1/32 HPs)
             Began as a Djinni Transmuter on Feb 14, 2022.
             Was a Follower of Okawaru.
             Slain by an orc (2 damage)
             ... on level 3 of the Dungeon.
             The game lasted 00:08:28 (3159 turns).

Colgate the Insei (Djinni Transmuter)               Turns: 3159, Time: 00:08:29

Health: -1/32      AC:  2    Str:  9    XL:     4   Next: 90%
Gold:   52         EV: 19    Int: 16    God:    Okawaru [*.....] SH:  0 Dex: 19

rFire   + . .      SeeInvis .     - Unarmed
rCold   . . .      Faith    .   (shield currently unavailable)
rNeg    + . .      Spirit   .   (armour currently unavailable)
rPois   ∞          Reflect  .   (helmet currently unavailable)
rElec   .          Harm     .   (cloak currently unavailable)
rCorr   .          Rampage  .   (gloves currently unavailable)
Will    .....                   (boots unavailable)
Stlth   +.........              (no amulet)
HPRegen 0.10/turn               r - ring "Sohuucro" {rF+ rN+}
MPRegen 0.00/turn               (no ring)

@: confused, spider-form (expiring), wereblooded, flying
A: venomous fangs, flying, sickness immunity, tiny, (fire resistance 2), (cold
vulnerability 1), float, innate caster, HP casting, extra vitality 1
a: End Transformation, Renounce Religion, Heroism


You were on level 3 of the Dungeon.
You worshipped Okawaru.
Okawaru was aware of your devotion.
You were a venomous arachnid creature.
You visited 1 branch of the dungeon, and saw 3 of its levels.

You collected 52 gold pieces.

Inventory:

Missiles
 e - 6 poisoned darts
 h - 62 stones
Armour
 a - a +0 robe (melded)
 d - a +0 pair of gloves (melded)
 k - a +0 helmet (melded)
 m - a +0 buckler
Jewellery
 r - the ring "Sohuucro" (left front leg) {rF+ rN+}
   (You found it on level 3 of the Dungeon)

   [ring of positive energy]

   rF:        It protects you from fire.
   rN:        It protects you from negative energy.
Scrolls
 b - a scroll of blinking {unknown}
 f - a scroll of fear {unknown}
 l - 3 scrolls of amnesia {unknown}
 o - a scroll of vulnerability {unknown}
 p - a scroll of identify {unknown}
Potions
 c - a potion of attraction {unknown}
 g - 3 potions of mutation {unknown}
 i - a potion of resistance {unknown}
 j - a potion of heal wounds {unknown}
 n - a potion of cancellation {unknown}
 q - 2 potions of degeneration {unknown}


   Skills:
 - Level 1.0 Fighting
 - Level 2.1 Dodging
 - Level 4.0 Unarmed Combat
 + Level 2.9 Spellcasting


You couldn't memorise any spells.
You knew the following spells:

 Your Spells              Type           Power      Damage    Failure   Level
a - Beastly Appendage     Tmut           22%        N/A       16%         1
b - Wereblood             Tmut           11%        N/A       22%         2
c - Spider Form           Tmut/Pois      11%        N/A       36%         3
d - Ice Form              Ice/Tmut       11%        N/A       71%         4
e - Apportation           Tloc           22%        N/A       16%         1
Your spell library was empty.

Dungeon Overview and Level Annotations

Branches:
Dungeon (3/15)

Altars:
Gozag
Okawaru

Annotations:
D:3 Sigmund


Innate Abilities, Weirdness & Mutations

You are a venomous arachnid creature.
You have poisonous fangs.
You are tiny and dextrous.
You are flying.
Your spellcasting is less reliable in this form.
Your armour is entirely melded.
You are incapable of wielding weapons or throwing items.
You are immune to sickness and miasma.
You are immune to poison.
((Your flesh is very heat resistant. (rF++)))
((You are vulnerable to cold. (rC-)))
You float through the air rather than walking.
You learn spells naturally, not from books.
Your magical power is your life essence.
You have superior vitality. (+4 MHP)


Message History

Your transformation has ended.
Your +0 helmet unmelds from your body.
Your +0 pair of gloves unmelds from your body.
Your +0 robe unmelds from your body.
The orc shouts!
You hear a shout!
Casting: Spider Form (quite dangerous; 17% risk of failure)
Confirm with . or Enter, or press ? or * to list all spells.
The spell is quite dangerous to miscast (17% risk of failure)!
Continue anyway?
You turn into a venomous arachnid creature.
Your +0 helmet melds into your body.
Your +0 pair of gloves melds into your body.
Your +0 robe melds into your body.
The orc priest shouts!
The orc closely misses you.
The orc priest mumbles some strange prayers to Beogh against you.
Beogh smites you!
Casting: Spider Form (quite dangerous; 36% risk of failure)
Confirm with . or Enter, or press ? or * to list all spells.
Your blood is infused with primal strength.
The orc hits you with a +0 club.
Unknown command.
You barely miss the orc. The orc completely misses you.
You hit the orc.
The orc is poisoned.
The orc is heavily wounded.
The orc barely misses you.
The orc priest calls upon Beogh to heal the orc.
The orc's wounds heal themselves!
You barely miss the orc priest. The orc hits you with a +0 club.
* * * LOW HITPOINT WARNING * * *
You are confused.
The orc priest hits you with a +0 club.
* * * LOW HITPOINT WARNING * * *
You hit the orc priest but do no damage.
The orc priest is poisoned.
The orc misses you. The orc priest hits you with a +0 club.
* * * LOW HITPOINT WARNING * * *
An orc comes into view. It is wielding a +0 trident.
Your transformation is almost over.
You bump into the rock wall.
The orc hits you with a +0 club.
You die...

.....................#
#.####...............#
....###..............#
###.................##
....#.............#
#..........#..###.#
..............{# #.##
..#.........##.# #..#
...........##s####.###
............#o##.....##
#...........o#.8...8.#
#.........#.o#.......###
#................_.....#
#..........#..#.......#.#
#.#...........#.8...8.#.#
. ##########.###.....##.#
##..###.###..#


You could see an orc priest (very poisoned) and 2 orcs.

Vanquished Creatures
  Natasha (D:3)
  3 adders
  A dart slug (D:3)
  3 bats
  6 endoplasms
  2 giant cockroaches (D:1)
  2 goblins
  5 hobgoblins (D:1)
  A kobold (D:2)
  3 quokkas
  6 ball pythons
  3 frilled lizards
  4 rats
40 creatures vanquished.

Notes
Turn   | Place    | Note
-------+----------+-------------------------------------------
     0 | D:1      | Colgate the Djinni Transmuter began the quest for the Orb.
     0 | D:1      | Reached XP level 1. HP: 17/17 MP: 0/0
   367 | D:1      | Reached XP level 2. HP: 21/22 MP: 0/0
   416 | D:1      | Found a faded altar of an unknown god.
   438 | D:1      | Prayed at the altar of an unknown god.
   438 | D:1      | Became a worshipper of Warmaster Okawaru
   438 | D:1      | Reached * piety under Okawaru
  1002 | D:1      | Reached skill level 4 in Unarmed Combat
  1002 | D:1      | Reached XP level 3. HP: 26/27 MP: 0/0
  1002 | D:1      | Learned a level 1 spell: Apportation
  2280 | D:2      | Reached XP level 4. HP: 24/32 MP: 0/0
  2484 | D:3      | Found an opulent altar of Gozag.
  2577 | D:3      | Identified the ring "Sohuucro" {rF+ rN+}
  2577 | D:3      | Noticed Natasha
  2597 | D:3      | HP: 1/32 [Natasha/magic dart (4)]
  2600 | D:3      | Killed Natasha
  3128 | D:3      | Noticed Sigmund
  3157 | D:3      | HP: 1/32 [orc priest (2)]
  3159 | D:3      | Slain by an orc

Illustrated notes

Levels and vault maps discovered:
D:1:      tarquinn_simple_flora_water_e, layout_loops_ring,
          basic_ecumenical_altar, minmay_tetromino_o2
D:2:      layout_loops_cross, corexii_leaking_fountain
D:3:      layout_rooms, grunt_gozag_statues, kiku_gazebo_pond_becter,
          uniq_sigmund, uniq_natasha

Skill      XL: |  1  2  3 |
---------------+----------+-----
Unarmed Combat | 4 |  4.0
Spellcasting   | 2 |  2.9
Fighting       | |  1.0
Dodging        | |  2.1

Action                   |  1- 3 |  4- 6 || total
-------------------------+-------+-------++-------
Melee: Unarmed           |   123 |    44 ||   167
       Headbutt          |    19 |     7 ||    26
       Punch             |     1 |       ||     1
 Cast: Beastly Appendage |    25 |     6 ||    31
       Spider Form       |     1 |     3 ||     4
       Wereblood         |     1 |     2 ||     3
 Stab: Sleeping          |     2 |       ||     2
Armor: Robe              |    29 |     7 ||    36
Dodge: Dodged            |    72 |    22 ||    94
